 Dungeon Crawl Stone Soup version 0.21.3-3-g218456f21e (webtiles) character file.

426463 MordorOrchid the Gnoll Aeon (level 23, -32/232 HPs)
             Began as a Gnoll Wanderer on June 26, 2021.
             Was the Champion of Cheibriados.
             Annihilated by an azure jelly (40 damage)
             ... created by the Royal Jelly
             ... while paralysed by a great orb of eyes
             ... on level 5 of the Pits of Slime on Aug 13, 2022.
             The game lasted 08:27:16 (28427 turns).

MordorOrchid the Gnoll Aeon (Gnoll Wanderer)       Turns: 28427, Time: 08:27:16

Health: -32/232    AC: 39    Str: 31    XL:     23   Next: 47%
Magic:  44/50      EV:  2    Int: 43    God:    Cheibriados [******]
Gold:   405        SH:  0    Dex: 36    Spells: 3/51 levels left

rFire    . . .     SeeInvis .   p - +7 demon trident (elec)
rCold    . . .     Gourm    .   B - +0 large shield {AC+3}
rNeg     + . .     Faith    .   (armour currently unavailable)
rPois    ∞         Spirit   .   s - +0 helmet {Int+3}
rElec    +         Reflect  +   T - +2 cloak of the Black Moon {Int+3}
rCorr    +         Harm     .   (gloves currently unavailable)
MR       +....                  (boots currently unavailable)
Stlth    ++++++++..             V - +2 amulet of reflection
HPRegen  1.48/turn              F - ring of magical power
MPRegen  0.32/turn              t - ring of resist corrosion

@: paralysed, agile, statue-form, regenerating, very slow
A: distributed training, fangs 1, strong nose
}: 3/15 runes: decaying, serpentine, silver
a: End Transformation, Bend Time, Temporal Distortion, Slouch, Step From Time,
Renounce Religion


You were on level 5 of the Pits of Slime.
You worshipped Cheibriados.
Cheibriados was exalted by your worship.
You were not hungry.
You were a stone statue.
You visited 9 branches of the dungeon, and saw 44 of its levels.
You also visited: Trove and Ossuary.

You collected 4545 gold pieces.
You spent 4140 gold pieces at shops.

Inventory:

Hand Weapons
 b - a +4 blowgun
 p - a +7 demon trident of electrocution (weapon)
 y - the +9 dagger of the Water Diviner {pierce, rElec MR+ Str-2}
   (You took it off a deep elf mage on level 3 of the Elven Halls)

   It inflicts extra damage upon your enemies.
   It affects your strength (-2).
   It insulates you from electricity.
   It affects your resistance to hostile enchantments.
Missiles
 x - 18 tomahawks (quivered)
 A - 2 throwing nets
 X - 7 javelins of penetration
Armour
 s - a +0 helmet of intelligence (worn)
 B - a +0 large shield of protection (worn)
 H - a +2 pair of boots (melded)
 M - the +3 pair of gloves of the Archfiend (melded) {rF+ MR+ SInv}
   (You found it on level 3 of the Elven Halls)

   It protects you from fire.
   It affects your resistance to hostile enchantments.
   It lets you see invisible.
 T - the +2 cloak of the Black Moon (worn) {Int+3}
   (You acquired it on level 3 of the Vaults)

   It affects your intelligence (+3).
 U - +6 swamp dragon scales (melded)
Jewellery
 r - the ring of Shadows {Umbra +Inv Stlth+}
   (You found it on level 5 of the Vaults)

   [ring of stealth]

   It lets you turn invisible.
   It makes you more stealthy.
 t - a ring of resist corrosion (right hand)
 w - the amulet of Motuleocs {RegenMP -Tele rF++ Dex+4}
   (You found it in a treasure trove)

   [amulet of magic regeneration]

   It increases your magic regeneration.
   It affects your dexterity (+4).
   It greatly protects you from fire.
   It prevents most forms of teleportation.
 F - a ring of magical power (left hand)
 P - the ring "Viewem" {+Blink rF+ Dex+4}
   (You took it off a deep elf mage on level 3 of the Elven Halls)

   [ring of dexterity]

   It affects your dexterity (+4).
   It protects you from fire.
   It lets you blink.
 V - a +2 amulet of reflection (around neck)
Wands
 c - a wand of digging (33)
 d - a wand of paralysis (54)
 g - a wand of clouds (4)
 h - a wand of scattershot (5)
 j - a wand of disintegration (35)
 E - a wand of iceblast (27)
Scrolls
 k - 3 scrolls of remove curse
 o - 2 scrolls of blinking
 q - 5 scrolls of teleportation
 D - 9 scrolls of fear
 G - 7 scrolls of immolation
 O - 3 scrolls of fog
Potions
 n - 12 potions of curing
 N - a potion of resistance
 Q - 4 potions of ambrosia
 R - a potion of agility
 Z - a potion of invisibility
Miscellaneous
 m - 2 sacks of spiders
 K - a lightning rod (4/4)
 L - 3 boxes of beasts
 W - a phial of floods
 Y - a lamp of fire
Comestibles
 f - 40 rations


   Skills:
 + Level 14.6 Fighting
 + Level 14.6 Short Blades
 + Level 14.6 Long Blades
 + Level 14.6 Axes
 + Level 14.6 Maces & Flails
 + Level 14.6 Polearms
 + Level 14.6 Staves
 + Level 14.6 Slings
 + Level 14.6 Bows
 + Level 15.2 Crossbows
 + Level 14.8 Throwing
 + Level 15.7 Armour
 + Level 14.6 Dodging
 + Level 14.6 Stealth
 + Level 14.6 Shields
 + Level 14.6 Unarmed Combat
 + Level 14.9 Spellcasting
 + Level 12.6 Conjurations
 + Level 13.1 Hexes
 + Level 12.6 Charms
 + Level 12.6 Summonings
 + Level 12.6 Necromancy
 + Level 12.6 Translocations
 + Level 12.6 Transmutations
 + Level 12.6 Fire Magic
 + Level 12.6 Ice Magic
 + Level 12.6 Air Magic
 + Level 12.6 Earth Magic
 + Level 12.6 Poison Magic
 + Level 15.8 Invocations
 + Level 14.8 Evocations


You had 3 spell levels left.
You knew the following spells:

 Your Spells              Type           Power        Failure   Level  Hunger
d - Petrify               Tmut/Erth      #######.     1%          4    None
j - Summon Lightning Spi  Summ/Air       #######.     1%          4    None
k - Regeneration          Chrm/Necr      #######...   1%          3    None
m - Sublimation of Blood  Necr           #######...   1%          2    None
o - Metabolic Englaciati  Hex/Ice        #######...   1%          5    None
r - Irradiate             Conj/Tmut      #######...   1%          5    None
s - Summon Ice Beast      Ice/Summ       #######.     1%          4    None
v - Lee's Rapid Deconstr  Erth           #######...   1%          5    None
w - Passwall              Tmut/Erth      #######...   1%          2    None
x - Blink                 Tloc           N/A          1%          2    None
z - Apportation           Tloc           ######       1%          1    None
E - Borgnjor's Vile Clut  Necr/Erth      #######...   1%          5    None
Y - Statue Form           Tmut/Erth      #######..    2%          6    None


Dungeon Overview and Level Annotations

Branches:
Dungeon (14/15)            Temple (1/1) D:5            Lair (6/6) D:9
  Swamp (4/4) Lair:4        Snake (4/4) Lair:4        Slime (5/5) Lair:6
    Orc (2/2) D:9             Elf (3/3) Orc:2        Vaults (5/5) D:14
  Crypt (0/3) Vaults:2

Altars:
Ashenzari
Cheibriados
Dithmenos
Elyvilon
Fedhas
Gozag
Hepliaklqana
Kikubaaqudgha
Makhleb
Nemelex Xobeh
Okawaru
Qazlal
Ru
Sif Muna
Trog
Uskayaw
Vehumet
Wu Jian
Xom
Yredelemnul
Zin
The Shining One

Shops:
D:6 [   D:8 !   D:9 %   D:11 *   D:14 =!   Orc:1 }%[%   Orc:2 :**(   Elf:1 }=}
Elf:2 ?   Elf:3 [%   Vaults:2 :(   Vaults:4 [

Annotations:
Slime:5 Royal Jelly


Innate Abilities, Weirdness & Mutations

Your experience applies equally to all skills.
You have very sharp teeth.
Your uncanny sense of smell can sniff out nearby items.


Message History

The death ooze hits you!!
* * * LOW HITPOINT WARNING * * *
You feel terrible.
The death ooze hits you but does no damage.
The azure jelly hits you but does no damage. x6
The azure jelly barely misses you.
The azure jelly hits you but does no damage.
The acid blob quivers.
The death ooze hits you but does no damage. x2
The great orb of eyes completely misses you.
The azure jelly hits you but does no damage. x3
The azure jelly hits you!
* * * LOW HITPOINT WARNING * * *
The azure jelly hits you but does no damage. x4
The death ooze hits you but does no damage. x2
An azure jelly comes into view.
The azure jelly hits you.
* * * LOW HITPOINT WARNING * * *
The azure jelly freezes you!!!
You die...

.........................
.........................
........................
.......................
.....................
...................
..................
...##..JJ#..#..... ..#
####8#####.... .# ∆ #JG#
∆ ∆∆∆#J##∆∆∆ ∆∆∆ #J ∆∆∆
∆∆∆∆∆## ∆∆∆∆∆ ∆∆∆∆##.
∆∆∆∆ ∆∆ }#. ∆ ∆∆ ###.


You could see 4 azure jellies, a great orb of eyes and a death ooze.

Vanquished Creatures
  Mennas (Vaults:2)
  Mara (Vaults:2)
  Margery (Vaults:2)
  Bai Suzhen (Elf:3)
  A caustic shrike (shapeshifter) (Vaults:5)
  Jory (Vaults:5)
  Nikola (Vaults:1)
  2 liches
  5 tentacled monstrosities
  A titan (Vaults:5)
  3 deep elf master archers (Elf:3)
  A quicksilver dragon (Vaults:5)
  2 deep elf blademasters (Elf:3)
  7 acid blobs
  Frances (D:13)
  2 sphinxes (Vaults:5)
  A thorn hunter (Swamp:1)
  Kirke (D:13)
  The ghost of P0WERM0DE the Martial Artist, an adept DsWn of Cheibriados (Slime:3)
  A shadow dragon (Vaults:5)
  4 nagarajas (Snake:4)
  7 azure jellies
  4 storm dragons (Vaults:5)
  7 tengu reavers (Vaults:5)
  17 vault wardens
  2 orc warlords
  An iron dragon (Vaults:5)
  2 fire giants
  4 deep elf sorcerers
  2 deep elf elementalists (Elf:3)
  3 war gargoyles
  19 ironheart preservers
  3 very ugly things
  2 entropy weavers
  Nessos (Lair:5)
  10 stone giants
  6 deep elf annihilators
  4 deep elf demonologists
  3 ettins
  4 deep elf death magi
  Snorg (D:14)
  A crystal guardian (Vaults:4)
  A death ooze (Slime:3)
  3 deep elf high priests
  9 great orbs of eyes
  10 yaktaur captains
  2 fire dragons
  2 ice dragons
  A rakshasa (Vaults:3)
  9 naga warriors
  6 anacondas
  A merfolk avatar (Lair:6)
  26 vault guards
  15 hydras
  2 alligators (Swamp:2)
  6 centaur warriors
  A queen ant (Lair:2)
  A death knight (Vaults:4)
  4 death yaks (Lair:5)
  10 dancing weapons
  4 ogre magi
  13 two-headed ogres
  3 deep troll shamans
  3 deep troll earth magi
  11 naga sharpshooters
  9 deep elf knights
  2 shock serpents (Snake:4)
  2 hell knights (Vaults:2)
  3 spriggans
  A shadow wraith (Vaults:4)
  9 deep trolls
  2 unseen horrors (D:13)
  A sea snake (Lair:6)
  2 flayed ghosts (Vaults:4)
  7 swamp dragons
  13 deep elf archers
  2 naga ritualists
  2 phantasmal warriors (Vaults:5)
  A shambling mangrove (Swamp:4)
  Pikel (D:5)
  A glowing orange brain (Slime:3)
  3 harpies (Vaults:3)
  A lindwurm (Lair:5)
  3 necromancers
  15 orc knights
  5 wolf spiders
  3 mana vipers
  11 ironbrand convokers
  30 deep elf magi
  4 oklob plants
  5 shining eyes
  6 orc sorcerers
  8 ugly things
  A manticore (D:12)
  4 salamanders
  A fire giant skeleton (Vaults:5)
  2 cyclopes
  A salamander (shapeshifter) (Vaults:3)
  18 black mambas
  An elephant (Lair:6)
  2 eyes of devastation
  7 vault sentinels
  An eye of devastation (shapeshifter) (Elf:1)
  5 centaur skeletons
  8 naga magi
  A gargoyle (D:12)
  5 spiny frogs
  34 yaktaurs
  A freezing wraith (Vaults:4)
  8 komodo dragons
  A kobold demonologist (D:11)
  A yaktaur (shapeshifter) (Vaults:3)
  7 trolls
  3 polar bears
  A tengu simulacrum (Vaults:5)
  A bog body (Swamp:1)
  11 hornets
  6 blink frogs
  6 tyrant leeches
  A hippogriff (shapeshifter) (Vaults:3)
  46 slime creatures
  An ettin zombie (Vaults:4)
  Sigmund (D:5)
  10 hippogriffs
  4 air elementals
  A tarantella (shapeshifter) (Vaults:5)
  26 yaks
  3 wraiths
  5 golden eyes
  2 fire elementals
  A wyvern (D:12)
  A human (shapeshifter) (Vaults:4)
  2 water elementals
  A steam dragon (D:9)
  A basilisk (D:9)
  2 hogs (D:13)
  The ghost of MordorOrchid the Covered, an amateur GnWn (D:3)
  A hungry ghost (D:13)
  8 vampire mosquitoes
  8 wargs
  35 nagas
  15 soldier ants
  A swamp worm (shapeshifter) (Vaults:5)
  14 swamp worms
  Edmund (D:5)
  An acid dragon (Vaults:2)
  3 insubstantial wisps
  13 water moccasins
  3 porcupines
  A black bear (D:7)
  52 orc warriors
  A hornet zombie (D:13)
  2 slaves
  4 ice beasts
  7 sky beasts
  7 swamp drakes (Swamp:4)
  A necrophage (D:6)
  23 ogres
  2 phantoms
  A wolf (Lair:4)
  18 centaurs
  5 crocodiles
  2 big kobolds
  12 bullfrogs
  A wyvern zombie (D:13)
  2 water moccasin zombies (Ossuary)
  2 earth elementals
  5 scorpions
  9 killer bees
  2 jellies
  3 electric eels
  3 howler monkeys
  3 crimson imps
  2 centaur zombies
  A yaktaur simulacrum (Vaults:1)
  A bullfrog zombie (D:9)
  3 human simulacra
  A quasit (D:6)
  Crazy Yiuf (D:7)
  22 orc wizards
  15 orc priests
  A gnoll shaman (D:5)
  3 hounds
  A bullfrog skeleton (D:12)
  3 iguanas
  11 worker ants
  Natasha (D:3)
  A big kobold zombie (Ossuary)
  A hound zombie (D:8)
  A hound skeleton (D:7)
  2 mummies (Ossuary)
  Robin (D:3)
  2 worker ant zombies
  20 adders
  12 gnolls
  4 shadow imps
  An ooze (D:1)
  4 adder zombies
  4 adder skeletons
  2 worms
  3 dart slugs
  4 leopard geckos
  85 orcs
  3 ball pythons
  3 giant cockroaches
  6 gnoll zombies (Ossuary)
  12 goblins
  9 hobgoblins
  6 jackals
  8 quokkas
  5 bats
  6 frilled lizards
  2 goblin zombies (D:4)
  3 hobgoblin zombies (Ossuary)
  A jackal skeleton (D:8)
  21 kobolds
  5 kobold zombies (Ossuary)
  3 orc zombies (Ossuary)
  A quokka skeleton (D:4)
  11 rats
  4 plants (Lair:4)
1276 creatures vanquished.

Vanquished Creatures (collateral kills)
  3 acid blobs
  A thorn hunter (Swamp:4)
  A nagaraja (Snake:4)
  5 deep elf sorcerers (Elf:3)
  2 vault wardens
  3 deep elf elementalists (Elf:3)
  A stone giant (Vaults:5)
  2 deep elf demonologists
  3 deep elf annihilators (Elf:3)
  An ettin (Vaults:5)
  3 deep elf death magi
  6 deep elf high priests (Elf:3)
  2 vault guards (Vaults:5)
  2 great orbs of eyes
  An ice dragon (Vaults:5)
  3 naga warriors (Snake:4)
  An ogre mage (Vaults:4)
  2 yaktaur captains
  2 hydras
  Erica (D:8)
  An anaconda (Snake:4)
  2 centaur warriors (Orc:2)
  A death knight (Vaults:2)
  3 two-headed ogres
  A death yak (Lair:5)
  An orc high priest (Elf:3)
  2 hell knights (Vaults:2)
  2 sea snakes (Lair:6)
  A wizard (Vaults:1)
  A spriggan druid (Swamp:4)
  A swamp dragon (Swamp:4)
  3 deep elf archers
  2 ironbrand convokers
  A naga ritualist (Snake:4)
  2 harpies
  2 orc knights
  An orc sorcerer (Orc:2)
  15 deep elf magi
  An ugly thing (Vaults:2)
  A human zombie (Vaults:5)
  A frost giant zombie (Vaults:4)
  3 vault sentinels
  2 naga magi
  4 black mambas
  7 spiny frogs
  5 rime drakes
  7 yaktaurs
  4 komodo dragons
  3 freezing wraiths
  2 trolls
  A polar bear (Lair:6)
  A hornet (shapeshifter) (Vaults:1)
  A hornet (D:8)
  A human simulacrum (Vaults:3)
  13 blink frogs
  8 slime creatures
  2 bog bodies (Swamp:3)
  A hippogriff (Lair:1)
  A wyvern (Lair:6)
  12 yaks
  2 basilisks
  A wraith (Vaults:1)
  5 vampire mosquitoes
  16 nagas
  3 wargs
  6 soldier ants (Lair:2)
  4 swamp worms
  A floating eye (Slime:3)
  6 water moccasins
  A porcupine (Lair:2)
  5 swamp drakes
  11 orc warriors
  A black bear (D:7)
  2 wolves (Lair:4)
  3 centaurs
  6 crocodiles
  2 bullfrogs
  A glowing shapeshifter simulacrum (Vaults:4)
  A wight (D:7)
  4 killer bees (D:9)
  A bullfrog zombie (D:7)
  2 orc priests
  A hound (D:14)
  6 orc wizards
  13 worker ants (Lair:2)
  7 adders
  A leopard gecko (D:7)
  31 orcs
  2 kobolds (D:8)
313 creatures vanquished.

Vanquished Creatures (others)
  A fire giant (Vaults:5)
  4 stone giants
  4 yaktaur captains
  A centaur warrior (Vaults:1)
  2 alligators (Swamp:4)
  A deep elf knight (Elf:2)
  6 yaktaurs
  A human (D:13)
  An orc warrior (Vaults:2)
  An orc wizard (Vaults:2)
  A worker ant (D:6)
  2 shadow imps (D:6)
  An orc (Vaults:4)
  5 bushes
  17 fungi
  22 plants
  5 toadstools (Swamp:1)
75 creatures vanquished.

Grand Total: 1664 creatures vanquished

Notes
Turn   | Place    | Note
-------+----------+-------------------------------------------
     0 | D:1      | MordorOrchid the Gnoll Wanderer began the quest for the Orb.
     0 | D:1      | MordorOrchid set off with: a +2 scale mail, a +0 hand crossbow, 25 bolts, a potion of lignification, a ration
     0 | D:1      | Reached XP level 1. HP: 13/13 MP: 4/4
   108 | D:1      | Reached XP level 2. HP: 15/19 MP: 5/5
   647 | D:2      | Reached XP level 3. HP: 25/25 MP: 7/7
   675 | D:2      | Reached skill level 1 in Invocations
   747 | D:1      | Reached skill level 1 in Fighting
   747 | D:1      | Reached skill level 1 in Short Blades
   747 | D:1      | Reached skill level 1 in Long Blades
   747 | D:1      | Reached skill level 1 in Axes
   747 | D:1      | Reached skill level 1 in Maces & Flails
   747 | D:1      | Reached skill level 1 in Polearms
   747 | D:1      | Reached skill level 1 in Staves
   747 | D:1      | Reached skill level 1 in Slings
   747 | D:1      | Reached skill level 1 in Bows
   747 | D:1      | Reached skill level 1 in Dodging
   747 | D:1      | Reached skill level 1 in Stealth
   747 | D:1      | Reached skill level 1 in Shields
   747 | D:1      | Reached skill level 1 in Unarmed Combat
   778 | D:2      | Reached XP level 4. HP: 26/32 MP: 8/8
   964 | D:2      | Reached skill level 1 in Conjurations
   964 | D:2      | Reached skill level 1 in Charms
   964 | D:2      | Reached skill level 1 in Summonings
   964 | D:2      | Reached skill level 1 in Necromancy
   964 | D:2      | Reached skill level 1 in Translocations
   964 | D:2      | Reached skill level 1 in Transmutations
   964 | D:2      | Reached skill level 1 in Fire Magic
   964 | D:2      | Reached skill level 1 in Ice Magic
   964 | D:2      | Reached skill level 1 in Air Magic
   964 | D:2      | Reached skill level 1 in Earth Magic
   964 | D:2      | Reached skill level 1 in Poison Magic
  1310 | D:3      | Reached XP level 5. HP: 37/37 MP: 9/9
  1408 | D:3      | Found a hazy altar of Hepliaklqana.
  1672 | D:3      | Noticed Robin
  1715 | D:3      | Killed Robin
  1792 | D:3      | Noticed MordorOrchid's ghost (amateur GnWn)
  1821 | D:3      | Killed MordorOrchid's ghost
  1821 | D:3      | Reached skill level 5 in Crossbows
  1821 | D:3      | Reached XP level 6. HP: 37/44 MP: 9/11
  1944 | D:3      | Noticed Natasha
  1995 | D:3      | Killed Natasha
  2258 | D:4      | Reached XP level 7. HP: 41/50 MP: 12/12
  2444 | D:4      | Found a sand-covered staircase.
  2480 | Ossuary  | Entered an ossuary
  2646 | Ossuary  | Reached XP level 8. HP: 32/57 MP: 14/14
  2956 | D:5      | Entered Level 5 of the Dungeon
  2970 | D:5      | Noticed Edmund
  2991 | D:5      | Killed Edmund
  3080 | D:5      | Found a staircase to the Ecumenical Temple.
  3195 | Temple   | Entered the Ecumenical Temple
  3499 | D:5      | Noticed Sigmund
  3510 | D:5      | Killed Sigmund
  3731 | D:6      | Noticed Pikel
  3754 | D:5      | Killed Pikel
  3754 | D:5      | Reached skill level 5 in Hexes
  3754 | D:5      | Reached XP level 9. HP: 17/65 MP: 14/16
  3968 | D:6      | Found a blossoming altar of Fedhas.
  3970 | D:6      | Found a white marble altar of Elyvilon.
  3990 | D:6      | Found an opulent altar of Gozag.
  3990 | D:6      | Found a shimmering altar of Xom.
  3990 | D:6      | Found an ancient bone altar of Kikubaaqudgha.
  3997 | D:6      | Found a snail-covered altar of Cheibriados.
  4005 | D:6      | Became a worshipper of Cheibriados the Contemplative
  4064 | D:6      | Learned a level 4 spell: Summon Lightning Spire
  4067 | D:6      | Learned a level 2 spell: Call Imp
  4144 | D:6      | Found Gusuh's Armour Emporium.
  4154 | D:6      | Reached skill level 5 in Spellcasting
  4389 | D:6      | Found a glowing golden altar of the Shining One.
  4511 | D:6      | Learned a level 4 spell: Summon Ice Beast
  4556 | D:7      | Reached * piety under Cheibriados
  4575 | D:7      | Found a basalt altar of Yredelemnul.
  4587 | D:7      | Reached skill level 5 in Throwing
  4587 | D:7      | Reached skill level 5 in Evocations
  4619 | D:7      | Noticed a two-headed ogre
  4619 | D:7      | Noticed an eight-headed hydra
  4626 | D:7      | Noticed a hornet
  4765 | D:7      | Killed a two-headed ogre
  4765 | D:7      | Reached skill level 5 in Invocations
  4782 | D:7      | Killed an eight-headed hydra
  4782 | D:7      | Reached XP level 10. HP: 32/71 MP: 1/18
  5013 | D:7      | Got a steaming flail
  5015 | D:7      | Identified the Grimoire of Malediction
  5037 | D:7      | Paralysed by a hornet for 2 turns
  5048 | D:7      | Reached skill level 5 in Fighting
  5048 | D:7      | Reached skill level 5 in Short Blades
  5048 | D:7      | Reached skill level 5 in Long Blades
  5048 | D:7      | Reached skill level 5 in Axes
  5048 | D:7      | Reached skill level 5 in Maces & Flails
  5048 | D:7      | Reached skill level 5 in Polearms
  5048 | D:7      | Reached skill level 5 in Staves
  5048 | D:7      | Reached skill level 5 in Slings
  5048 | D:7      | Reached skill level 5 in Bows
  5048 | D:7      | Reached skill level 5 in Dodging
  5048 | D:7      | Reached skill level 5 in Stealth
  5048 | D:7      | Reached skill level 5 in Shields
  5048 | D:7      | Reached skill level 5 in Unarmed Combat
  5140 | D:7      | Noticed a cyclops
  5165 | D:7      | Reached ** piety under Cheibriados
  5216 | D:7      | Identified the +5 flail "With Two Names" {pain, rF+ Int+2} (You found it on level 7 of the Dungeon)
  5226 | D:7      | Learned a level 3 spell: Spectral Weapon
  5514 | D:7      | Found a runed door.
  5518 | D:7      | Noticed Crazy Yiuf
  5525 | D:7      | Killed Crazy Yiuf
  5929 | D:8      | Found Malleac's Distillery.
  5946 | D:8      | Bought a potion of might for 44 gold pieces
  5946 | D:8      | Bought a potion of agility for 44 gold pieces
  5946 | D:8      | Bought a potion of resistance for 110 gold pieces
  5946 | D:8      | Bought a potion of ambrosia for 88 gold pieces
  5946 | D:8      | Bought a potion of curing for 33 gold pieces
  5946 | D:8      | Bought a potion of curing for 33 gold pieces
  5946 | D:8      | Bought a potion of curing for 33 gold pieces
  5951 | D:8      | Noticed a two-headed ogre
  5971 | D:8      | Killed a two-headed ogre
  5971 | D:8      | Reached *** piety under Cheibriados
  6029 | D:8      | Killed Erica
  6321 | D:8      | Reached XP level 11. HP: 67/79 MP: 20/20
  6427 | D:9      | Reached **** piety under Cheibriados
  6664 | D:9      | Found a staircase to the Lair.
  6705 | Lair:1   | Entered Level 1 of the Lair of Beasts
  6718 | Lair:1   | Learned a level 5 spell: Metabolic Englaciation
  6732 | Lair:1   | Reached skill level 5 in Conjurations
  6732 | Lair:1   | Reached skill level 5 in Charms
  6732 | Lair:1   | Reached skill level 5 in Summonings
  6732 | Lair:1   | Reached skill level 5 in Necromancy
  6732 | Lair:1   | Reached skill level 5 in Translocations
  6732 | Lair:1   | Reached skill level 5 in Transmutations
  6732 | Lair:1   | Reached skill level 5 in Fire Magic
  6732 | Lair:1   | Reached skill level 5 in Ice Magic
  6732 | Lair:1   | Reached skill level 5 in Air Magic
  6732 | Lair:1   | Reached skill level 5 in Earth Magic
  6732 | Lair:1   | Reached skill level 5 in Poison Magic
  6986 | Lair:1   | Reached ***** piety under Cheibriados
  7482 | Lair:2   | Noticed an eight-headed hydra
  7486 | Lair:2   | Killed an eight-headed hydra
  7973 | Lair:2   | Reached ****** piety under Cheibriados
  7973 | Lair:2   | Reached XP level 12. HP: 85/87 MP: 21/23
  7980 | Lair:2   | Noticed a queen ant
  7989 | Lair:2   | Killed a queen ant
  8603 | Lair:4   | Found a staircase to the Snake Pit.
  8845 | Lair:4   | Found a staircase to the Swamp.
  8932 | Lair:4   | Got a scorched leather armour
  9016 | Lair:4   | Identified the +1 leather armour of Watchfulness {*Contam rCorr Int+7 SInv} (You found it on level 4 of the Lair of Beasts)
  9413 | Lair:5   | Noticed Nessos
  9426 | Lair:5   | Killed Nessos
  9426 | Lair:5   | Reached skill level 10 in Armour
  9480 | Lair:5   | Got a scorched leather armour
  9491 | Lair:5   | Identified the +0 leather armour "Wosag" {Stlth+} (You found it on level 5 of the Lair of Beasts)
  9530 | Lair:5   | Noticed a death yak
  9756 | Lair:5   | Noticed a death yak
  9758 | Lair:5   | Noticed a death yak
  9762 | Lair:5   | Noticed a death yak
  9763 | Lair:5   | Noticed a death yak
  9768 | Lair:5   | Killed a death yak
  9782 | Lair:5   | Killed a death yak
  9804 | Lair:5   | Killed a death yak
  9819 | Lair:5   | Reached XP level 13. HP: 61/96 MP: 25/25
  9873 | Lair:6   | Entered Level 6 of the Lair of Beasts
 10499 | Lair:6   | Learned a level 5 spell: Fireball
 10618 | Lair:6   | Found a staircase to the Slime Pits.
 11257 | D:9      | Found Xiseot's Food Shop.
 11297 | D:9      | Found a staircase to the Orcish Mines.
 11443 | Orc:1    | Entered Level 1 of the Orcish Mines
 11443 | Orc:1    | Found Meulalysh's Food Boutique.
 11452 | Orc:1    | Noticed an orc warlord
 11465 | Orc:1    | Killed an orc warlord
 11526 | Orc:1    | Found Orukeh's Armour Shop.
 11658 | Orc:2    | Entered Level 2 of the Orcish Mines
 11898 | Orc:2    | Reached XP level 14. HP: 106/106 MP: 24/27
 11956 | Orc:2    | Noticed an orc warlord
 11976 | Orc:2    | Killed an orc warlord
 12090 | Orc:2    | Reached skill level 10 in Crossbows
 12297 | Orc:2    | Found Souxkiub's Assorted Antiques.
 12297 | Orc:2    | Found Berimew's Assorted Antiques.
 12299 | Orc:2    | Found Justuxec's Antique Weapon Shoppe.
 12301 | Orc:2    | Found Kaoplaxt's Book Shop.
 12307 | Orc:2    | Bought a scroll labeled OSOIFINIAMO for 27 gold pieces
 12338 | Orc:2    | Found a staircase to the Elven Halls.
 12465 | Orc:1    | Found Xeegierr's Gadget Emporium.
 12465 | Orc:1    | Found Dufras's Food Boutique.
 12828 | Orc:2    | Bought a book of Battle for 440 gold pieces
 12832 | Orc:2    | Learned a level 3 spell: Regeneration
 12834 | Orc:2    | Bought a brightly glowing short sword for 216 gold pieces
 12834 | Orc:2    | Identified the cursed +2 short sword of the Nexus {pierce, rN+} (You bought it in a shop on level 2 of the Orcish Mines)
 12839 | Orc:2    | Bought a book of Geomancy for 385 gold pieces
 12842 | Orc:2    | Learned a level 2 spell: Passwall
 12848 | Orc:2    | Learned a level 5 spell: Lee's Rapid Deconstruction
 12888 | Elf:1    | Entered Level 1 of the Elven Halls
 12954 | Elf:1    | Found Hymeuwi's Gadget Emporium.
 12954 | Elf:1    | Found Oliorphuu's Jewellery Shop.
 12955 | Elf:1    | Found Torith's Gadget Emporium.
 13069 | Elf:2    | Found Achocker's Magic Scroll Shop.
 13085 | Elf:2    | Bought a scroll of teleportation for 33 gold pieces
 13085 | Elf:2    | Bought a scroll of magic mapping for 38 gold pieces
 13120 | Elf:2    | Reached skill level 10 in Invocations
 13264 | Elf:3    | Entered Level 3 of the Elven Halls
 13264 | Elf:3    | Found Mifufel's Food Shop.
 13311 | Elf:3    | Found Dechet's Armour Emporium.
 13406 | Elf:3    | HP: 3/108 [poisoned by a halberd of venom]
 13840 | Elf:3    | Noticed Bai Suzhen
 13956 | Elf:3    | Bought the +0 cloak of Gaarim {+Blink rElec Dex-4} for 256 gold pieces
 14000 | Elf:3    | Noticed a deep elf master archer
 14011 | Elf:3    | Killed Bai Suzhen
 14011 | Elf:3    | Reached XP level 15. HP: 77/114 MP: 4/28
 14013 | Elf:3    | Killed a deep elf master archer
 14013 | Elf:3    | Reached skill level 10 in Spellcasting
 14182 | Elf:2    | Reached skill level 10 in Throwing
 14182 | Elf:2    | Reached skill level 10 in Evocations
 14585 | Elf:3    | Noticed a deep elf elementalist
 14586 | Elf:3    | Killed a deep elf elementalist
 14723 | Elf:3    | Noticed a deep elf sorcerer
 14723 | Elf:3    | Noticed a deep elf sorcerer
 14724 | Elf:3    | Noticed a deep elf sorcerer
 14774 | Elf:3    | Noticed a deep elf blademaster
 14777 | Elf:3    | Killed a deep elf sorcerer
 14786 | Elf:3    | Killed a deep elf blademaster
 14868 | Elf:3    | Noticed a deep elf sorcerer
 14870 | Elf:3    | Killed a deep elf sorcerer
 14870 | Elf:3    | Reached skill level 10 in Fighting
 14870 | Elf:3    | Reached skill level 10 in Short Blades
 14870 | Elf:3    | Reached skill level 10 in Long Blades
 14870 | Elf:3    | Reached skill level 10 in Axes
 14870 | Elf:3    | Reached skill level 10 in Maces & Flails
 14870 | Elf:3    | Reached skill level 10 in Polearms
 14870 | Elf:3    | Reached skill level 10 in Staves
 14870 | Elf:3    | Reached skill level 10 in Slings
 14870 | Elf:3    | Reached skill level 10 in Bows
 14870 | Elf:3    | Reached skill level 10 in Dodging
 14870 | Elf:3    | Reached skill level 10 in Stealth
 14870 | Elf:3    | Reached skill level 10 in Shields
 14870 | Elf:3    | Reached skill level 10 in Unarmed Combat
 14965 | Elf:3    | Noticed a deep elf elementalist
 14971 | Elf:3    | Killed a deep elf elementalist
 15023 | Elf:3    | Noticed a deep elf sorcerer
 15028 | Elf:3    | Killed a deep elf sorcerer
 15098 | Elf:3    | Noticed a deep elf blademaster
 15121 | Elf:3    | Killed a deep elf blademaster
 15123 | Elf:3    | Got a glittering lapis lazuli ring
 15124 | Elf:3    | Got slimy ice dragon scales
 15178 | Elf:3    | Noticed a deep elf sorcerer
 15194 | Elf:3    | Killed a deep elf sorcerer
 15206 | Elf:2    | Identified the ring of Xydd {MP+9 Str+3 Dex+5 Slay-4 SInv} (You took it off a deep elf blademaster on level 3 of the Elven Halls)
 15213 | Elf:2    | Identified the +1 ice dragon scales "Fixzut" {rF- rC++ rN+ Str+6 Stlth+} (You took it off a deep elf blademaster on level 3 of the Elven Halls)
 15327 | Elf:3    | Noticed a deep elf sorcerer
 15342 | Elf:3    | Killed a deep elf sorcerer
 15369 | Elf:3    | Noticed a deep elf elementalist
 15397 | Elf:3    | Killed a deep elf elementalist
 15456 | Elf:3    | Killed a deep elf sorcerer
 15463 | Elf:3    | Noticed a deep elf master archer
 15469 | Elf:3    | Killed a deep elf master archer
 15542 | Elf:3    | Reached XP level 16. HP: 111/123 MP: 26/30
 15683 | Elf:3    | Got a twisted spear {protect}
 15684 | Elf:3    | Identified the cursed +0 spear of the Messenger {protect, Int+4 Dex-3} (You took it off a deep elf archer on level 3 of the Elven Halls)
 15714 | Elf:3    | Got a steaming marble ring
 15786 | Elf:2    | Bought a scroll of identify for 22 gold pieces
 15786 | Elf:2    | Bought a scroll of identify for 22 gold pieces
 15786 | Elf:2    | Bought a scroll of identify for 22 gold pieces
 15786 | Elf:2    | Bought 2 scrolls of identify for 44 gold pieces
 15786 | Elf:2    | Bought a scroll of magic mapping for 38 gold pieces
 15786 | Elf:2    | Identified the ring "Viewem" {+Blink rF+ Dex+4} (You took it off a deep elf mage on level 3 of the Elven Halls)
 15872 | Elf:3    | Identified the +1 scale mail "Girups" {Str+4} (You took it off a deep elf high priest on level 3 of the Elven Halls)
 15888 | Elf:3    | Noticed a deep elf master archer
 16035 | Elf:3    | Killed a deep elf master archer
 16077 | Elf:3    | Identified the +2 ring mail of Voffahid {+Blink MR+} (You took it off a deep elf master archer on level 3 of the Elven Halls)
 16078 | Elf:3    | Identified the ring of Suspected Treachery {EV+2 Str+4 Int+4} (You took it off a deep elf master archer on level 3 of the Elven Halls)
 16104 | Elf:3    | Noticed a Brimstone Fiend
 16162 | Elf:3    | Identified the ring of Compulsion {Fire Str+2} (You took it off a deep elf annihilator on level 3 of the Elven Halls)
 16228 | Elf:3    | Got a faintly glowing dagger {pierce}
 16300 | Elf:3    | Identified Eppidyd's Handbook of Unstable Ignition
 16318 | Elf:3    | Learned a level 5 spell: Borgnjor's Vile Clutch
 16325 | Elf:3    | Identified the +9 dagger of the Water Diviner {pierce, rElec MR+ Str-2} (You took it off a deep elf mage on level 3 of the Elven Halls)
 16352 | Elf:3    | Identified the Papyrus of Quantum Attacks
 16358 | Elf:3    | Identified the +3 pair of gloves of the Archfiend {rF+ MR+ SInv} (You found it on level 3 of the Elven Halls)
 16450 | Elf:3    | Learned a level 1 spell: Apportation
 16739 | Orc:2    | Bought a book of Alchemy for 825 gold pieces
 16745 | Orc:2    | Learned a level 5 spell: Irradiate
 17069 | Swamp:1  | Entered Level 1 of the Swamp
 17166 | Swamp:1  | Noticed a thorn hunter
 17173 | Swamp:1  | Killed a thorn hunter
 17792 | Swamp:4  | Entered Level 4 of the Swamp
 17807 | Swamp:4  | Reached skill level 10 in Hexes
 17809 | Swamp:4  | Noticed a thorn hunter
 17819 | Swamp:4  | Killed a thorn hunter
 17872 | Swamp:4  | Reached XP level 17. HP: 90/131 MP: 3/32
 18027 | Swamp:4  | Got a decaying rune of Zot
 18219 | Snake:1  | Entered Level 1 of the Snake Pit
 18298 | Snake:2  | You fall through a shaft!
 18423 | Snake:4  | Entered Level 4 of the Snake Pit
 19448 | Snake:4  | Got a serpentine rune of Zot
 19666 | Snake:3  | Reached skill level 10 in Conjurations
 19666 | Snake:3  | Reached skill level 10 in Charms
 19666 | Snake:3  | Reached skill level 10 in Summonings
 19666 | Snake:3  | Reached skill level 10 in Necromancy
 19666 | Snake:3  | Reached skill level 10 in Translocations
 19666 | Snake:3  | Reached skill level 10 in Transmutations
 19666 | Snake:3  | Reached skill level 10 in Fire Magic
 19666 | Snake:3  | Reached skill level 10 in Ice Magic
 19666 | Snake:3  | Reached skill level 10 in Air Magic
 19666 | Snake:3  | Reached skill level 10 in Earth Magic
 19666 | Snake:3  | Reached skill level 10 in Poison Magic
 19694 | Snake:2  | Reached XP level 18. HP: 131/139 MP: 20/34
 19913 | Lair:1   | Learned a level 4 spell: Petrify
 19941 | D:10     | Entered Level 10 of the Dungeon
 20070 | D:11     | Found Quemus's Assorted Antiques.
 20079 | D:11     | Bought a scroll of enchant weapon for 142 gold pieces
 20817 | D:13     | Noticed Frances
 20824 | D:13     | Killed Frances
 20964 | D:13     | Noticed Kirke
 20976 | D:13     | Killed Kirke
 21088 | D:13     | Reached XP level 19. HP: 146/146 MP: 35/35
 21265 | D:13     | Learned a level 2 spell: Blink
 21301 | D:14     | Noticed Snorg
 21306 | D:14     | Killed Snorg
 21329 | D:14     | Found Xonnuwot's Distillery.
 21450 | D:14     | Found a gate to the Vaults.
 21469 | Vaults:1 | Entered Level 1 of the Vaults
 21475 | Vaults:1 | Noticed Nikola
 21482 | Vaults:1 | Killed Nikola
 22068 | Vaults:2 | Noticed Margery
 22078 | Vaults:2 | Killed Margery
 22123 | Vaults:2 | Found Iruhipp's Book Shoppe.
 22127 | Vaults:2 | Noticed Mara
 22162 | Vaults:2 | Noticed a tentacled monstrosity
 22172 | Vaults:2 | Killed a tentacled monstrosity
 22190 | Vaults:2 | Killed Mara
 22190 | Vaults:2 | Reached XP level 20. HP: 154/154 MP: 8/36
 22340 | Vaults:2 | Identified the +1 rapier of the Gloaming {venom, rN++ MR+ Int+4 Dex-2} (You took it off a yaktaur captain on level 2 of the Vaults)
 22341 | Vaults:2 | Identified the ring "Korghucone" {rC+ MP+9 EV+1 Int-4} (You took it off a yaktaur captain on level 2 of the Vaults)
 22437 | Vaults:2 | Noticed Mennas
 22449 | Vaults:2 | Killed Mennas
 22639 | Vaults:2 | Bought a book of the Earth for 650 gold pieces
 22776 | Vaults:2 | Found Ricium's Weapon Emporium.
 22858 | Vaults:1 | Found a portal to a secret trove of treasure.
 23187 | Vaults:3 | Noticed a lich
 23245 | Vaults:3 | Killed a lich
 23412 | Vaults:3 | Identified a scroll of acquirement
 23414 | Vaults:3 | Got a shimmering cloak
 23415 | Vaults:3 | Identified the +2 cloak of the Black Moon {Int+3} (You acquired it on level 3 of the Vaults)
 24030 | Vaults:4 | Reached XP level 21. HP: 158/162 MP: 38/38
 24042 | Vaults:4 | Learned a level 6 spell: Statue Form
 24311 | Vaults:5 | Entered Level 5 of the Vaults
 24313 | Vaults:5 | Found the +3 giant club "Skullcrusher" {speed, Str+7}
 24313 | Vaults:5 | Found the ring of Shadows {Umbra +Inv Stlth+}
 24637 | Vaults:5 | Noticed Jory
 24642 | Vaults:5 | Killed Jory
 24666 | Vaults:5 | Identified the +1 ring mail of Lafots {rPois rC- MP+9 Int+5} (You found it on level 5 of the Vaults)
 24683 | Vaults:5 | Reached XP level 22. HP: 171/171 MP: 10/40
 24706 | Vaults:5 | Reached skill level 15 in Armour
 24719 | Vaults:5 | Noticed a caustic shrike
 24719 | Vaults:5 | a caustic shrike changed into an iron dragon
 24727 | Vaults:5 | Noticed a caustic shrike
 24727 | Vaults:5 | an iron giant changed into a caustic shrike
 24729 | Vaults:5 | Killed a caustic shrike
 24743 | Vaults:5 | Reached skill level 15 in Invocations
 24889 | Vaults:5 | Got a heavily runed tin ring
 25024 | Vaults:5 | Got a shimmering crystal amulet
 25031 | Vaults:5 | Identified the Reference Book on Twisted Changing
 25036 | Vaults:5 | Learned a level 2 spell: Sublimation of Blood
 25198 | Vaults:5 | Identified the amulet of Biduc {Gourm Slay+2} (You found it on level 5 of the Vaults)
 25205 | Vaults:5 | Identified the cursed ring "Hoiraturuat" {rElec rF+ Int+3 Slay-3} (You took it off a vault warden on level 5 of the Vaults)
 25304 | Vaults:5 | Got a silver rune of Zot
 25360 | Vaults:5 | Got a pitted plate armour
 25371 | Vaults:5 | Identified the +16 plate armour "Foigo" {MR+ SInv} (You found it on level 5 of the Vaults)
 25644 | Vaults:4 | Found Doggoal's Armour Shoppe.
 26127 | Vaults:2 | Found a staircase to the Crypt.
 26127 | Vaults:2 | Found an ancient bone altar of Kikubaaqudgha.
 26135 | Vaults:2 | Found a basalt altar of Yredelemnul.
 26203 | Vaults:1 | You paid a toll of a +8 demon blade to enter a treasure trove
 26204 | Trove    | Entered a treasure trove
 26209 | Trove    | Got a warped bronze ring
 26275 | Trove    | Got a pair of dazzling boots
 26309 | Trove    | Identified the +0 pair of boots of Ru's Hope {Regen+ Int+4 Slay-4} (You found it in a treasure trove)
 26326 | Trove    | Identified the ring of Immorality {rElec rF+} (You found it in a treasure trove)
 26332 | Trove    | Found the +27 Lear's hauberk
 26366 | Trove    | Got a sparkling copper amulet
 26375 | Trove    | Got a translucent bronze amulet
 26398 | Vaults:1 | Identified the amulet of Motuleocs {RegenMP -Tele rF++ Dex+4} (You found it in a treasure trove)
 26431 | Vaults:1 | Found a shadowy altar of Dithmenos.
 26913 | Vaults:1 | Reached XP level 23. HP: 179/179 MP: 41/41
 27039 | D:14     | Found Enusa's Jewellery Shoppe.
 27071 | D:14     | Identified the amulet of Miskocar {*Drain Regen+ Str+2 Int+8} (You found it in a treasure trove)
 27214 | D:11     | Bought a scroll of identify for 38 gold pieces
 27214 | D:11     | Bought 3 scrolls of fear for 199 gold pieces
 27214 | D:11     | Bought a scroll of identify for 38 gold pieces
 27401 | Elf:1    | Bought an uncursed ring of resist corrosion for 320 gold pieces
 27754 | Slime:1  | Entered Level 1 of the Pits of Slime
 27810 | Lair:6   | Reached skill level 15 in Crossbows
 28029 | Slime:3  | Noticed P0WERM0DE's ghost (adept DsWn)
 28041 | Slime:3  | Killed P0WERM0DE's ghost
 28242 | Slime:5  | Entered Level 5 of the Pits of Slime
 28404 | Slime:5  | Noticed the Royal Jelly
 28423 | Slime:5  | Paralysed by a great orb of eyes for 6 turns
 28426 | Slime:5  | HP: 7/232 [azure jelly[the Royal Jelly] (7)]
 28427 | Slime:5  | Annihilated by an azure jelly

Skill      XL: |  1  2  3  4  5  6  7  8  9 10 11 12 13 14 15 16 17 18 19 20 21 22 23 |
---------------+----------------------------------------------------------------------+-----
Invocations    | 1 2 3 4 5 6 7 8 9 10 11 12 13 14 15 | 15.8
Fighting       | 1 2 3 4 5 6 7 8 9 10 11 12 13 14 | 14.6
Short Blades   | 1 2 3 4 5 6 7 8 9 10 11 12 13 14 | 14.6
Long Blades    | 1 2 3 4 5 6 7 8 9 10 11 12 13 14 | 14.6
Axes           | 1 2 3 4 5 6 7 8 9 10 11 12 13 14 | 14.6
Maces & Flails | 1 2 3 4 5 6 7 8 9 10 11 12 13 14 | 14.6
Polearms       | 1 2 3 4 5 6 7 8 9 10 11 12 13 14 | 14.6
Staves         | 1 2 3 4 5 6 7 8 9 10 11 12 13 14 | 14.6
Slings         | 1 2 3 4 5 6 7 8 9 10 11 12 13 14 | 14.6
Bows           | 1 2 3 4 5 6 7 8 9 10 11 12 13 14 | 14.6
Dodging        | 1 2 3 4 5 6 7 8 9 10 11 12 13 14 | 14.6
Stealth        | 1 2 3 4 5 6 7 8 9 10 11 12 13 14 | 14.6
Shields        | 1 2 3 4 5 6 7 8 9 10 11 12 13 14 | 14.6
Unarmed Combat | 1 2 3 4 5 6 7 8 9 10 11 12 13 14 | 14.6
Spellcasting   | 3 4 5 6 7 8 9 10 11 12 13 14 | 14.9
Conjurations   | 1 2 3 4 5 6 7 8 9 10 11 12 | 12.6
Charms         | 1 2 3 4 5 6 7 8 9 10 11 12 | 12.6
Summonings     | 1 2 3 4 5 6 7 8 9 10 11 12 | 12.6
Necromancy     | 1 2 3 4 5 6 7 8 9 10 11 12 | 12.6
Translocations | 1 2 3 4 5 6 7 8 9 10 11 12 | 12.6
Transmutations | 1 2 3 4 5 6 7 8 9 10 11 12 | 12.6
Fire Magic     | 1 2 3 4 5 6 7 8 9 10 11 12 | 12.6
Ice Magic      | 1 2 3 4 5 6 7 8 9 10 11 12 | 12.6
Air Magic      | 1 2 3 4 5 6 7 8 9 10 11 12 | 12.6
Earth Magic    | 1 2 3 4 5 6 7 8 9 10 11 12 | 12.6
Poison Magic   | 1 2 3 4 5 6 7 8 9 10 11 12 | 12.6
Throwing       | 3 4 5 6 7 8 9 10 11 12 13 14 | 14.8
Evocations     | 3 4 5 6 7 8 9 10 11 12 13 14 | 14.8
Hexes          | 4 5 6 7 8 9 10 11 12 13 | 13.1
Crossbows      | 5 6 7 8 9 10 11 12 13 14 15 | 15.2
Armour         | 7 8 9 10 11 12 13 14 15 | 15.7

Action                   |  1- 3 |  4- 6 |  7- 9 | 10-12 | 13-15 | 16-18 | 19-21 | 22-24 || total
-------------------------+-------+-------+-------+-------+-------+-------+-------+-------++-------
Melee: Dagger            |    15 |    12 |       |       |       |    16 |    17 |    40 ||   100
       Bite              |     1 |     2 |    39 |   125 |    97 |    88 |    80 |    79 ||   511
       Short sword       |       |    10 |    17 |       |       |       |       |       ||    27
       Mace              |       |     4 |       |       |       |       |       |       ||     4
       Whip              |       |     3 |   146 |       |       |    21 |    45 |       ||   215
       Spear             |       |       |    18 |     6 |       |       |       |       ||    24
       Punch             |       |       |     6 |    10 |       |       |       |       ||    16
       Flail             |       |       |    71 |   449 |   371 |   172 |    43 |       ||  1106
       Scythe            |       |       |     1 |       |       |       |       |       ||     1
       Scimitar          |       |       |       |     4 |     1 |    70 |       |       ||    75
       Falchion          |       |       |       |    47 |    43 |       |       |       ||    90
       Staff             |       |       |       |       |       |    67 |       |       ||    67
       Demon trident     |       |       |       |       |       |       |   231 |   334 ||   565
 Fire: Hand crossbow     |    70 |    28 |     8 |    15 |       |       |       |       ||   121
       Hunting sling     |       |   169 |   113 |    46 |    83 |   237 |     9 |       ||   657
       Blowgun           |       |       |       |       |       |       |       |    11 ||    11
Throw: Stone             |       |     1 |     6 |     2 |       |       |       |       ||     9
       Tomahawk          |       |       |     1 |    16 |    39 |   105 |    97 |    31 ||   289
       Javelin           |       |       |       |       |       |       |     5 |     7 ||    12
 Cast: Call Imp          |       |       |     3 |     4 |       |       |       |       ||     7
       Summon Lightning  |       |       |     3 |    45 |    84 |    54 |    52 |    37 ||   275
       Summon Ice Beast  |       |       |     2 |    48 |    18 |    20 |     1 |       ||    89
       Spectral Weapon   |       |       |       |    28 |    14 |       |       |       ||    42
       Metabolic Englaci |       |       |       |     2 |    14 |       |       |       ||    16
       Fireball          |       |       |       |       |    25 |       |       |       ||    25
       Lee's Rapid Decon |       |       |       |       |    84 |    64 |    51 |    18 ||   217
       Regeneration      |       |       |       |       |    12 |    11 |     7 |     8 ||    38
       Passwall          |       |       |       |       |     1 |    88 |    17 |    24 ||   130
       Borgnjor's Vile C |       |       |       |       |       |   108 |   123 |    40 ||   271
       Apportation       |       |       |       |       |       |   124 |    66 |    36 ||   226
       Irradiate         |       |       |       |       |       |     3 |       |    11 ||    14
       Blink             |       |       |       |       |       |       |     9 |     7 ||    16
       Petrify           |       |       |       |       |       |       |     1 |       ||     1
       Statue Form       |       |       |       |       |       |       |    11 |    26 ||    37
       Sublimation of Bl |       |       |       |       |       |       |       |     3 ||     3
Invok: Bend Time         |       |       |       |     2 |     4 |       |       |       ||     6
       Slouch            |       |       |       |       |     1 |       |       |       ||     1
 Abil: Evoke Blink       |       |       |       |       |     2 |    10 |       |     1 ||    13
       End Transformatio |       |       |       |       |       |       |       |     2 ||     2
Evoke: Wand              |       |       |     8 |     2 |    24 |     1 |     6 |    13 ||    54
       Phial of floods   |       |       |       |       |     1 |     1 |     2 |     1 ||     5
       Lightning rod     |       |       |       |       |       |     4 |       |       ||     4
       Box of beasts     |       |       |       |       |       |       |     3 |       ||     3
       Phantom mirror    |       |       |       |       |       |       |       |     2 ||     2
       Sack of spiders   |       |       |       |       |       |       |       |     1 ||     1
  Use: Scroll            |     4 |     3 |     8 |    14 |    10 |    24 |    16 |     6 ||    85
       Potion            |       |     3 |     6 |     1 |     9 |     3 |     7 |     2 ||    31
 Stab: Invisible         |       |       |     3 |       |       |       |       |       ||     3
       Sleeping          |       |       |     1 |     6 |     3 |     9 |     6 |     7 ||    32
       Distracted        |       |       |     1 |    14 |    18 |     3 |    17 |    12 ||    65
       Paralysed         |       |       |       |       |       |       |       |     1 ||     1
  Eat: Chunk             |       |     4 |     5 |    13 |    16 |     1 |       |       ||    39
       Ration            |       |       |     1 |       |       |     3 |     3 |     2 ||     9
Armor: Scale mail        |    24 |    52 |    86 |   185 |   130 |    21 |       |       ||   498
       Skin              |       |     6 |       |       |       |       |    42 |   128 ||   176
       Swamp dragon scal |       |       |       |       |       |    89 |    32 |    37 ||   158
Dodge: Dodged            |    14 |    64 |   132 |   327 |   368 |   388 |   188 |   320 ||  1801
Block: Buckler           |       |       |       |    94 |   225 |   156 |       |       ||   475
       Large shield      |       |       |       |       |       |   164 |   444 |   546 ||  1154
       Shield            |       |       |       |       |       |    52 |       |       ||    52
       Reflection        |       |       |       |       |       |     4 |    74 |    36 ||   114
       Rpst.: Scimitar   |       |       |       |     1 |       |    13 |       |       ||    14
       Falchion          |       |       |       |     3 |     4 |       |       |       ||     7
